 Dungeon Crawl Stone Soup version 0.20-a0-1020-g7b9e4fe (console) character file.

221 nht the Insei (level 5, -4/40 HPs)
             Began as a Draconian Transmuter on Apr 18, 2017.
             Killed by divine providence
             ... invoked by an orc priest
              (15 damage)
             ... on level 3 of the Dungeon.
             The game lasted 00:04:10 (1865 turns).

nht the Insei (Draconian Transmuter)                Turns: 1865, Time: 00:04:11

Health: -4/40      AC:  6    Str: 19      XL:     5   Next: 65%
Magic:  8/8        EV: 12    Int: 12 (14) God:
Gold:   99         SH:  0    Dex:  9 (12) Spells: 7/8 levels left

rFire    . . .     SeeInvis .     - Unarmed
rCold    . . .     Gourm    .   (no shield)
rNeg     . . .     Faith    .   (armour unavailable)
rPois    .         Spirit   .   (helmet restricted)
rElec    .         Reflect  .   h - +0 cloak
rCorr    .         Harm     .   (no gloves)
MR       .....                  (no boots)
Stlth    +.........             g - amulet of regeneration
Regen    0.6/turn               e - ring of flight
MPRegen  0.2/turn               (no ring)

@: mighty
A: unfitting armour, horns 1, blink, strong 1, cold-blooded, AC +5
a: Blink, Evoke Flight


You were on level 3 of the Dungeon.
You were not hungry.

You visited 1 branch of the dungeon, and saw 3 of its levels.

You collected 99 gold pieces.

Inventory:

Missiles
 a - 77 arrows
Armour
 h - a +0 cloak (worn)
Jewellery
 e - a ring of flight (left hand)
 g - an amulet of regeneration (around neck)
Scrolls
 d - 6 scrolls of identify {unknown}
 f - a scroll of teleportation {unknown}
 j - 2 scrolls of remove curse {unknown}
 m - 2 scrolls of immolation {unknown}
 o - a scroll of noise {unknown}
 p - a scroll of magic mapping {unknown}
Potions
 k - a potion of mutation
 l - a potion of might
Books
 b - a book of Changes

   Spells                             Type                      Level
   a - Beastly Appendage              Transmutation                1
   b - Sticks to Snakes               Transmutation                2
   c - Spider Form                    Transmutation/Poison         3
   d - Ice Form                       Ice/Transmutation            4
   e - Blade Hands                    Transmutation                5
Comestibles
 c - 4 bread rations
 i - a royal jelly
 n - 4 chunks of flesh


   Skills:
 - Level 1.1 Fighting
 - Level 1.7 Dodging
 * Level 5.6 Unarmed Combat
 - Level 2.0 Spellcasting
 + Level 3.6 Transmutations


You had 7 spell levels left.
You knew the following spells:

 Your Spells              Type           Power        Failure   Level  Hunger
a - Beastly Appendage     Tmut           #.....       8%          1    ##.....


Dungeon Overview and Level Annotations

Branches:
Dungeon (3/15)

Altars:
Dithmenos
Okawaru


Innate Abilities, Weirdness & Mutations

Your plain brown scales are hard. (AC +5)
You cannot fit into any form of body armour.
You are cold-blooded and may be slowed by cold attacks.
You have a pair of small horns on your head.
You can translocate small distances at will.
Your muscles are strong. (Str +2)


Message History

The orc hits you with a hand axe. The orc hits you with a whip.
The orc priest invokes the aid of Beogh against you.
Pain shoots through your body!
* * * LOW HITPOINT WARNING * * *
Okay, then.
You aren't carrying any items that you can evoke.
Okay, then.
You barely miss the orc. You headbutt the orc. You tail-slap the orc.
You kill the orc!
The orc completely misses you. The orc barely misses you.
The orc priest invokes the aid of Beogh against you.
You barely resist. You barely miss the orc. The orc barely misses you.
The orc hits you with a hand axe.
* * * LOW HITPOINT WARNING * * *
You closely miss the orc. You tail-slap the orc.
The orc is almost dead.
The orc priest calls down the wrath of Beogh upon you.
Beogh smites you!
You die...

....██.........██.....███.█
█.....................█ ███
█.....██.....██.......█
████.███..█..███......█ █.█
..█ █..██......█ .
██.....[....█
.█...........█
.......$.....█ █..)@.....█
....o.oo.....█
█████.......██ ██.....██


███████ You could see an orc priest and 2 orcs.

Vanquished Creatures
  An orc priest (D:3)
  6 gnolls
  5 adders
  3 worms (D:2)
  A dart slug (D:3)
  4 leopard geckos
  3 orcs
  5 giant cockroaches
  6 goblins
  7 hobgoblins
  12 jackals
  2 quokkas
  9 bats
  2 frilled lizards
  2 kobolds (D:1)
  2 rats
70 creatures vanquished.

Notes
Turn   | Place    | Note
-------+----------+-------------------------------------------
     0 | D:1      | nht the Draconian Transmuter began the quest for the Orb.
     0 | D:1      | Reached XP level 1. HP: 16/16 MP: 3/3
   106 | D:1      | Reached XP level 2. HP: 20/23 MP: 1/5
   794 | D:1      | Reached XP level 3. HP: 28/28 MP: 6/6
   963 | D:2      | Reached skill level 4 in Unarmed Combat
  1177 | D:2      | Reached XP level 4. HP: 33/35 MP: 5/7
  1252 | D:2      | Found an iron altar of Okawaru.
  1588 | D:3      | Reached skill level 5 in Unarmed Combat
  1597 | D:3      | Reached XP level 5. HP: 25/40 MP: 6/8
  1775 | D:3      | Found a shadowy altar of Dithmenos.
  1859 | D:3      | Gained mutation: You have a pair of small horns on your head. [potion of mutation]
  1859 | D:3      | Gained mutation: You can translocate small distances at will. [potion of mutation]
  1859 | D:3      | Gained mutation: Your muscles are strong. (Str +2) [potion of mutation]
  1865 | D:3      | Killed from afar by an orc priest

Vault maps used:
D:1:      dpeg_arrival_renting, hangedman_decor_points
D:2:      okawaru_altar_gauntlet_db, minmay_misc_feat_nine_boxes
D:3:      nicolae_dithmenos_shadow_blocks, first_bread

Skill      XL: |  1  2  3  4 |
---------------+-------------+-----
Unarmed Combat | 4 5 |  5.6
Transmutations | 3 |  3.6
Fighting       | |  1.1
Dodging        | |  1.7
Spellcasting   | |  2.0

Action                   |  1- 3 |  4- 6 || total
-------------------------+-------+-------++-------
Melee: Unarmed           |   130 |   147 ||   277
       Kick              |    15 |    13 ||    28
       Tailslap          |     9 |    12 ||    21
       Punch             |     3 |     1 ||     4
       Headbutt          |     3 |     7 ||    10
 Cast: Beastly Appendage |    14 |    18 ||    32
  Use: Potion            |       |     4 ||     4
 Stab: Sleeping          |     1 |       ||     1
  Eat: Chunk             |     1 |     3 ||     4
Armor: Skin              |    45 |    66 ||   111
Dodge: Dodged            |    69 |   118 ||   187
